Map: Cyber Forest LE

Players

iGCoffeeMs (Coffee)

  • Race: Terran Terran
  • League: Grandmaster
  • Spawn Location: 11:00

LiquidTLO (TLO) - Winner!

  • Race: Zerg Zerg
  • League: Master
  • Spawn Location: 5:00

Event: 2019 WCS Winter Americas

VOD

Have the link to the VOD?

Description

Time

  • Played on: Feb. 9, 2019, 2:31 p.m.
  • Length: 12:49

All games in this series

Show
View Real Time Build Order
Export as new Build Order

iGCoffeeMs Terran 

Build Orders: Reaper Expand 

Get SALT Encoding   

  12  0:00  SCV  
  13  0:13  SCV  
  14  0:17  Supply Depot  
  14  0:25  SCV  
  15  0:38  SCV  
  15  0:40  Barracks  
  16  0:43  Refinery  
  16  0:50  SCV  
  17  1:02  SCV  
  18  1:15  SCV  
  19  1:27  Reaper  
  19  1:28  Orbital Command  
  20  1:39  Command Center  
  20  1:48  Supply Depot  
  20  1:54  SCV  
  21  1:59  Marine  
  22  2:03  Factory  
  23  2:08  SCV  
  23  2:12  Refinery  
  23  2:20  SCV  
  23  2:21  Barracks Reactor  
  23  2:32  SCV  
  24  2:44  SCV  
  24  2:49  Starport  
  25  2:57  SCV  
  26  3:03  Hellion x2, Orbital Command  
  30  3:07  Barracks Tech Lab  
  30  3:09  SCV  
  30  3:17  Bunker  
  30  3:24  Widow Mine x2  
  34  3:28  Marauder  
  35  3:34  SCV  
  34  3:45  SCV  
  33  3:54  Viking  
  33  3:57  SCV  
  34  4:03  Stimpack, Marine  
  34  4:06  SCV  
  34  4:18  Factory Reactor  
  34  4:22  Supply Depot  
  34  4:23  Supply Depot  
  32  4:35  SCV  
  32  4:37  SCV  
  30  4:40  Marauder  
  29  4:47  SCV  
  29  4:49  SCV  
  31  4:56  Medivac  
  31  4:59  SCV  
  34  5:00  Barracks  
  34  5:01  Marauder, SCV  
  34  5:06  Factory Tech Lab, Supply Depot  
  37  5:11  SCV  
  37  5:13  SCV, Barracks  
  39  5:22  Marauder  
  39  5:23  SCV  
  39  5:25  SCV  
  39  5:27  Siege Tank  
  46  5:34  Liberator  
  46  5:35  SCV  
  45  5:37  SCV  
  45  5:39  Supply Depot  
  45  5:41  Refinery  
  46  5:43  Supply Depot  
  46  5:45  Engineering Bay  
  46  5:46  Marine  
  46  5:47  SCV, Marine  
  46  5:49  SCV  
  53  5:59  SCV  
  53  6:02  SCV  
  53  6:03  Barracks Reactor  
  55  6:08  Marine x3  
  58  6:11  SCV  
  58  6:14  SCV  
  58  6:17  Terran Infantry Weapons Level 1  
  58  6:18  Supply Depot  
  60  6:24  SCV  
  61  6:26  SCV, Marine x3  
  65  6:33  Command Center  
  65  6:35  Supply Depot  
  65  6:36  SCV  
  65  6:38  SCV  
  67  6:40  Marine x2  
  67  6:42  Starport Reactor  
  69  6:48  SCV, Marine x3  
  69  6:50  SCV  
  69  6:52  Combat Shield  
  74  6:58  Supply Depot  
  74  7:00  SCV  
  75  7:02  Supply Depot  
  75  7:03  Refinery  
  75  7:09  Marine x5  
  75  7:15  SCV x2  
  82  7:18  Siege Tank  
  85  7:28  SCV x2  
  87  7:30  Medivac, Marine x4  
  90  7:38  Engineering Bay  
  90  7:40  SCV  
  90  7:41  Armory  
  91  7:47  Orbital Command  
  91  7:58  Marauder  
  93  7:59  SCV  
  93  8:00  SCV, Barracks x2  
  93  8:02  Marine x3  
  98  8:08  Liberator x2, Factory Tech Lab  
  94  8:19  Marine x2  
  93  8:20  Marine x2  
  100  8:33  Marine  
  95  8:36  Marine x2  
  95  8:38  Marine x2  
  95  8:41  Terran Infantry Armor Level 1  
  99  8:49  Terran Infantry Weapons Level 2  
  99  8:50  Marine  
  99  8:54  Marine x2  
  96  8:56  Marine  
  96  9:00  SCV x2  
  99  9:06  Siege Tank  
  102  9:12  SCV x2  
  102  9:15  Medivac x2  
  108  9:17  Marine x4  
  108  9:18  Marauder  
  114  9:28  Supply Depot  
  114  9:30  Supply Depot x2  
  114  9:31  Supply Depot  
  114  9:38  Siege Tank  
  117  9:46  Marine x3  
  117  9:50  Medivac x2, Marine x2  
  114  10:04  Marine x3  
  117  10:08  Marine x2  
  117  10:10  Siege Tank  
  122  10:14  Barracks  
  122  10:16  Supply Depot, Barracks  
  122  10:20  Medivac x2  
  126  10:22  Marine x3  
  126  10:25  Marine x2  
  131  10:38  Liberator x2  
  131  10:40  Marine x3  
  134  10:43  Siege Tank, Marine  
  134  10:44  Marauder  
  134  10:46  Orbital Command  
  146  10:58  Marine x3  
  146  11:01  Marine  
  148  11:05  Marauder  
  148  11:07  Marine x2  
  136  11:15  Marine  
  136  11:16  Siege Tank  
  140  11:22  Marine  
  129  11:26  Marauder  
  129  11:30  Marine  
  129  11:31  Marine x3  
  132  11:33  Marine  
  130  11:40  Marine  
  131  11:47  Marauder  
  131  11:48  Siege Tank, Marine  
  131  11:49  Marauder  
  131  11:51  Marine  
  128  12:06  Marine  
  128  12:08  Medivac x2  
  123  12:10  Marine  
  123  12:13  Marine  
  111  12:28  Marine  
  99  12:39  Barracks x2  
  99  12:40  Barracks  
  99  12:42  Barracks  
Show
View Real Time Build Order
Export as new Build Order

LiquidTLO Zerg - Winner!

Build Orders: Pool First 

Get SALT Encoding   

  12  0:01  Drone  
  13  0:12  Overlord  
  13  0:17  Drone  
  14  0:31  Drone x2  
  16  0:41  Spawning Pool  
  15  0:44  Drone  
  15  0:48  Drone  
  17  0:55  Drone  
  18  1:12  Hatchery  
  18  1:14  Extractor  
  17  1:18  Drone  
  17  1:28  Zergling x4  
  19  1:34  Roach Warren  
  18  1:44  Queen  
  20  1:52  Overlord  
  20  1:58  Drone  
  25  2:15  Roach x2  
  25  2:23  Roach  
  25  2:28  Queen  
  29  2:34  Drone  
  29  2:35  Overlord  
  30  2:42  Ravager  
  30  2:43  Drone  
  32  2:45  Drone  
  33  2:53  Overlord  
  33  2:56  Drone  
  33  3:01  Ravager  
  33  3:02  Drone  
  33  3:04  Drone  
  36  3:07  Drone  
  36  3:11  Drone  
  38  3:13  Drone  
  38  3:19  Drone  
  40  3:22  Drone  
  41  3:30  Drone  
  41  3:32  Drone  
  42  3:37  Drone  
  42  3:38  Drone x2  
  42  3:39  Metabolic Boost  
  45  3:42  Drone  
  45  3:45  Drone  
  47  3:56  Drone x2  
  47  4:01  Hatchery, Drone  
  49  4:05  Overlord  
  49  4:11  Overlord  
  49  4:12  Drone  
  49  4:14  Drone x2  
  52  4:20  Lair  
  52  4:22  Overlord  
  52  4:25  Drone  
  52  4:26  Drone  
  52  4:28  Extractor  
  52  4:29  Drone x2  
  55  4:38  Drone  
  53  4:39  Drone  
  52  4:45  Evolution Chamber  
  52  4:46  Extractor, Drone  
  52  4:48  Drone x2  
  52  4:50  Drone x2  
  52  4:51  Queen  
  57  4:54  Roach x2  
  57  4:55  Zergling x2  
  62  5:03  Roach, Overlord  
  64  5:09  Overlord  
  64  5:13  Queen  
  66  5:15  Drone  
  67  5:23  Zerg Ground Armor Level 1  
  67  5:26  Roach  
  67  5:27  Roach, Queen  
  67  5:28  Roach  
  75  5:36  Spore Crawler  
  75  5:38  Spore Crawler, Drone  
  75  5:39  Spore Crawler  
  75  5:42  Drone x3  
  76  5:44  Evolution Chamber  
  76  5:45  Pneumatized Carapace  
  76  5:47  Drone  
  76  5:48  Drone  
  76  5:49  Drone  
  78  5:52  Drone  
  78  5:53  Drone  
  80  5:57  Drone  
  80  5:59  Overlord, Drone  
  80  6:01  Overlord  
  81  6:11  Extractor, Zerg Melee Weapons Level 1  
  81  6:13  Extractor  
  81  6:14  Drone, Baneling Nest  
  81  6:15  Extractor, Drone  
  81  6:17  Zergling x2  
  81  6:18  Zergling x2  
  81  6:19  Zergling x4  
  81  6:20  Drone  
  81  6:21  Zergling x2  
  81  6:23  Roach  
  81  6:24  Ravager x2  
  81  6:25  Drone  
  90  6:26  Drone  
  90  6:30  Drone x2  
  90  6:32  Zergling x4  
  95  6:33  Zergling x4  
  97  6:47  Overlord  
  97  6:48  Overlord x2  
  97  6:52  Overlord  
  97  6:58  Hatchery  
  97  6:59  Drone  
  97  7:00  Overlord  
  97  7:06  Overlord  
  97  7:07  Nydus Network, Roach  
  97  7:08  Zergling x4  
  100  7:09  Zergling x2  
  100  7:11  Drone  
  100  7:13  Drone  
  100  7:14  Drone  
  104  7:17  Zergling x2  
  104  7:18  Zergling x2  
  104  7:21  Zergling x4  
  104  7:22  Zergling x4  
  108  7:26  Drone  
  108  7:29  Roach x2  
  113  7:31  Drone  
  113  7:33  Drone  
  113  7:36  Zerg Ground Armor Level 2  
  115  7:40  Zergling x2  
  116  7:45  Ravager x2  
  116  7:49  Nydus Canal  
  120  7:51  Roach  
  120  7:58  Hydralisk Den, Drone x6  
  125  7:59  Zergling x2  
  125  8:03  Nydus Canal  
  125  8:04  Zergling x2  
  127  8:12  Roach  
  129  8:14  Roach  
  119  8:27  Roach  
  119  8:29  Roach  
  119  8:30  Roach x2  
  119  8:31  Overlord  
  119  8:32  Overlord  
  124  8:35  Overlord  
  124  8:36  Zergling x8  
  124  8:39  Zergling x2  
  129  8:43  Nydus Canal  
  129  8:44  Grooved Spines  
  129  8:45  Zerg Melee Weapons Level 2  
  129  8:46  Hydralisk  
  129  8:47  Hydralisk x2  
  135  8:49  Hatchery  
  135  8:50  Infestation Pit, Drone  
  135  8:52  Hydralisk x2  
  135  8:53  Zergling x4  
  140  8:56  Hydralisk  
  140  9:01  Hydralisk x3  
  148  9:05  Hydralisk x2  
  148  9:06  Overlord  
  148  9:09  Overlord  
  152  9:13  Overlord  
  152  9:15  Zergling x2  
  152  9:16  Overlord, Zergling x2  
  155  9:17  Zergling x2  
  155  9:19  Zergling x2  
  156  9:24  Overlord  
  156  9:26  Hydralisk  
  160  9:32  Spore Crawler, Zergling x4  
  160  9:35  Zergling x2  
  160  9:36  Zergling x4  
  160  9:37  Zergling x2  
  162  9:47  Hydralisk x2, Drone  
  162  9:49  Zergling x2  
  162  9:52  Zerg Missile Weapons Level 1  
  161  9:55  Hive  
  161  9:56  Hydralisk, Muscular Augments  
  161  9:58  Drone  
  161  9:59  Drone x2  
  162  10:14  Hydralisk x2  
  162  10:15  Zergling x2  
  162  10:17  Zergling x2  
  162  10:18  Zergling x2  
  162  10:19  Zergling x2  
  162  10:21  Centrifical Hooks  
  170  10:23  Zergling x4  
  172  10:30  Zergling x2  
  172  10:31  Baneling x6  
  172  10:32  Hydralisk x3  
  172  10:34  Drone  
  172  10:35  Zergling x4  
  182  10:44  Hydralisk  
  182  10:46  Hydralisk x2  
  182  10:48  Drone  
  187  10:53  Baneling x4  
  187  10:54  Baneling x4  
  187  11:00  Hydralisk x2  
  187  11:01  Hydralisk x3  
  187  11:02  Hydralisk x3  
  192  11:06  Hydralisk  
  192  11:07  Zergling x2  
  192  11:09  Nydus Canal  
  193  11:11  Hydralisk  
  193  11:13  Overseer  
  193  11:14  Zergling x4  
  193  11:16  Zergling x2  
  195  11:20  Zergling x2  
  174  11:26  Zergling x4  
  174  11:29  Nydus Canal  
  174  11:30  Zergling x2  
  174  11:31  Zergling x12  
  181  11:36  Extractor x2, Zergling x2  
  181  11:37  Zergling x2  
  177  11:41  Zergling x2  
  177  11:42  Zergling x2  
  177  11:46  Zergling x2  
  180  11:50  Drone  
  180  11:52  Hydralisk x2  
  180  11:55  Hydralisk  
  180  11:56  Hydralisk x2  
  180  11:57  Zergling x2  
  180  11:58  Hydralisk  
  180  12:00  Zergling x2  
  190  12:06  Zergling x2  
  181  12:08  Zergling x2  
  181  12:09  Zergling x2  
  181  12:10  Hydralisk  
  177  12:21  Hydralisk  
  176  12:23  Hydralisk x2  
Tags
 
Add a new tag
Caveats
  • Supply blocks, unpowered buildings, or Contaminate may cause inaccurate times.
  • Supply counts are checked every 10 seconds.